 Dungeon Crawl Stone Soup version 0.24.0-2-g5b39cebb1c (webtiles) character file.

Game seed: 13149113777513069399, levelgen mode: deterministic

256 roguesci the Insei (level 6, -12/82 HPs)
             Began as a Naga Transmuter on Oct 31, 2019.
             Mangled by an ice beast (14 damage)
             ... on level 2 of the Dungeon.
             The game lasted 00:12:11 (3826 turns).

roguesci the Insei (Naga Transmuter)                Turns: 3826, Time: 00:12:11

Health: -12/82     AC:  3    Str: 17    XL:     6   Next: 15%
Magic:  9/10       EV: 10    Int: 13    God:
Gold:   155        SH:  0    Dex: 14    Spells: 7/11 levels left

rFire    . . .     SeeInvis +   e - +2 dagger (venom)
rCold    . . .     Gourm    .   (no shield)
rNeg     . . .     Faith    .   b - +0 robe
rPois    +         Spirit   .   (no helmet)
rElec    .         Reflect  .   (no cloak)
rCorr    .         Harm     .   (no gloves)
MR       .....                  (no barding)
Stlth    ..........             (no amulet)
HPRegen  0.23/turn              (no ring)
MPRegen  0.12/turn              (no ring)

@: berserking, quick
A: large, see invisible, deformed body, poison resistance, slowness 2, slow
metabolism 1, spit poison 1, AC +2
a: Spit Poison


You were on level 2 of the Dungeon.
You were not hungry.

You visited 1 branch of the dungeon, and saw 3 of its levels.

You collected 155 gold pieces.

Inventory:

Hand Weapons
 e - a +2 dagger of venom (weapon)
 g - a +0 dagger of speed
 i - a +1 dagger of distortion
 j - a +0 dagger of freezing
Missiles
 a - 12 arrows
 c - 42 stones (quivered)
 k - an atropa-tipped dart
Armour
 b - a +0 robe (worn)
Scrolls
 f - a scroll of remove curse
 h - a scroll of fog {unknown}
 n - a scroll of identify
 t - a scroll of random uselessness {unknown}
Potions
 m - a potion of degeneration {unknown}
 o - a potion of curing {unknown}
 q - a potion of flight {unknown}
 r - a potion of lignification {unknown}
 s - a potion of cancellation {unknown}
Comestibles
 d - 5 rations


   Skills:
 + Level 2.4 Fighting
 + Level 1.1 Short Blades
 + Level 2.2 Dodging
 + Level 2.4 Stealth
 - Level 3.2 Unarmed Combat
 * Level 3.1 Spellcasting
 * Level 3.1 Transmutations
 * Level 2.5 Poison Magic


You had 7 spell levels left.
You knew the following spells:

 Your Spells              Type           Power        Failure   Level  Hunger
a - Beastly Appendage     Tmut           ##....       6%          1    #......
b - Spider Form           Tmut/Pois      #.........   22%         3    ###....

Your spell library contained the following spells:

 Spells                   Type           Power        Failure   Level  Hunger
 Sticks to Snakes         Tmut           ##......     10%         2    ##.....
 Ice Form                 Ice/Tmut       #.......     75%         4    #####..
 Blade Hands              Tmut           ##........   86%         5    ######.


Dungeon Overview and Level Annotations

Branches:
Dungeon (3/15)

Altars:


Innate Abilities, Weirdness & Mutations

You cannot wear boots.
Your serpentine skin is tough. (AC +2)
You have supernaturally acute eyesight. (SInv)
Armour fits poorly on your strangely shaped body.
Your system is resistant to poisons. (rPois)
You cover ground very slowly.
You have a slow metabolism.
You can spit poison.


Message History

The ice beast misses you.
You bite the ice beast!
The ice beast is almost dead.
You barely miss the ice beast.
The ice beast is almost dead.
Your transformation has ended.
Your +2 dagger of venom unmelds from your body.
Your +0 robe unmelds from your body.
Your +2 dagger of venom begins to drip with poison!
The ice beast hits you.
* * * LOW HITPOINT WARNING * * *
The ice beast freezes you!
* * * LOW HITPOINT WARNING * * *
Unknown command.
You completely miss the ice beast.
The ice beast is almost dead.
The ice beast hits you.
* * * LOW HITPOINT WARNING * * *
The ice beast freezes you!
You die...

# #.#.......#.# #
######.#.#####.#.##### #
#....#.#...#.........# ##
##....#.###.#.#.#.....#
.#####.........#.#.#.#######
..................>#.#.....#
..####.....#.#.#.###.#.###.#
#.# #.....#.#.#Y# #.#.# #.#
#+####.....#...#@# #.#.#
#.###### .....#.#########.#
#..รท# #......# .....#.#
#.....# ##### ######.#
.....#<# #.##### #<# #.#
.....### #.#######.# #####.#
.....# #.........# #.....#
.....# #.....##### #.#####
.....# #.....# #.# .....#
#.....# #.#


You could see an ice beast.

Vanquished Creatures
  A crimson imp (D:3)
  An orc wizard (D:3)
  7 gnolls
  5 adders
  A worm (D:3)
  A dart slug (D:1)
  4 leopard geckos
  3 orcs (D:3)
  9 bats
  14 goblins
  7 hobgoblins
  4 jackals (D:1)
  3 ball pythons (D:1)
  6 frilled lizards
  5 kobolds
  5 rats
  A bush (D:1)
77 creatures vanquished.

Notes
Turn   | Place    | Note
-------+----------+-------------------------------------------
     0 | D:1      | roguesci the Naga Transmuter began the quest for the Orb.
     0 | D:1      | Reached XP level 1. HP: 18/18 MP: 3/3
   170 | D:1      | Reached XP level 2. HP: 22/25 MP: 3/5
   630 | D:1      | Reached skill level 1 in Stealth
   887 | D:1      | Reached XP level 3. HP: 11/31 MP: 6/6
  1708 | D:1      | Learned a level 3 spell: Spider Form
  2068 | D:2      | Reached XP level 4. HP: 39/39 MP: 7/7
  2205 | D:2      | Reached skill level 1 in Poison Magic
  2568 | D:2      | Reached XP level 5. HP: 33/45 MP: 9/9
  3606 | D:3      | Reached skill level 1 in Short Blades
  3606 | D:3      | Reached XP level 6. HP: 53/54 MP: 10/10
  3651 | D:3      | Noticed an ice beast
  3825 | D:2      | HP: 2/82 [ice beast (8)]
  3826 | D:2      | Mangled by an ice beast

Levels and vault maps discovered:
D:1:      roderic_dead_forest, layout_loops_ring, serial_forest,
          infiniplex_forest_clump_small, infiniplex_forest_end_2,
          infiniplex_forest_clump_medium, infiniplex_forest_zigzag_2,
          infiniplex_forest_clump_curved, infiniplex_forest_clump_double,
          infiniplex_forest_join
D:2:      layout_basic, chequers_serial_rivers_micro_a, roderic_lattice_a
D:3:      layout_rooms, grunt_ministairs_9, nicolae_ru_awakened_eye

Skill      XL: |  1  2  3  4  5 |
---------------+----------------+-----
Stealth        | 1 2 |  2.4
Poison Magic   | 1 2 |  2.5
Fighting       | 2 |  2.4
Dodging        | 2 |  2.2
Spellcasting   | 3 |  3.1
Transmutations | 3 |  3.1
Short Blades   | 1 |  1.1
Unarmed Combat | |  3.2

Action                   |  1- 3 |  4- 6 || total
-------------------------+-------+-------++-------
Melee: Unarmed           |    34 |    25 ||    59
       Headbutt          |     8 |     3 ||    11
       Dagger            |   122 |    85 ||   207
Throw: Stone             |     1 |    22 ||    23
 Cast: Beastly Appendage |     9 |     5 ||    14
       Spider Form       |       |     3 ||     3
 Abil: Spit Poison       |     2 |     8 ||    10
  Use: Potion            |     1 |     1 ||     2
       Scroll            |       |     2 ||     2
 Stab: Sleeping          |     5 |       ||     5
  Eat: Chunk             |     3 |     5 ||     8
Armor: Robe              |    21 |    14 ||    35
       Skin              |       |     1 ||     1
Dodge: Dodged            |    55 |    64 ||   119
